Map: Thunderbird LE

Players

thewall - Winner!

  • Race: Terran Terran
  • League: Gold
  • Spawn Location: 11:00

TiPtOP

  • Race: Terran Terran
  • League: Silver
  • Spawn Location: 5:00

VOD

Have the link to the VOD?

Description

Time

  • Played on: Aug. 12, 2019, 10:48 a.m.
  • Length: 10:17
Show
View Real Time Build Order
Export as new Build Order

thewall Terran - Winner!

Build Orders:  

Get SALT Encoding   

  12  0:00  SCV  
  13  0:13  SCV  
  14  0:22  Supply Depot  
  14  0:25  SCV  
  15  0:29  Refinery  
  15  0:43  SCV  
  15  0:49  Barracks  
  16  0:55  SCV  
  17  1:07  SCV  
  17  1:09  Refinery  
  18  1:20  SCV  
  19  1:32  SCV  
  20  1:35  Marine  
  20  1:36  Barracks  
  21  1:46  Orbital Command  
  21  1:48  Supply Depot  
  21  2:04  Marine  
  22  2:22  Marine  
  23  2:29  Command Center  
  23  2:37  Marine  
  23  2:39  Marine  
  23  2:42  Factory  
  24  2:53  SCV  
  24  2:55  Marine  
  26  3:01  Marine  
  26  3:05  SCV  
  28  3:13  Marine  
  29  3:29  Barracks Tech Lab  
  29  3:31  Barracks Reactor  
  29  3:36  Factory Tech Lab  
  29  3:40  Starport  
  29  3:44  SCV  
  29  3:48  SCV  
  31  3:53  Marine  
  31  3:54  Combat Shield  
  32  3:56  SCV  
  32  4:00  SCV  
  34  4:08  SCV  
  34  4:10  Marine  
  34  4:12  SCV, Marine x2  
  38  4:19  Siege Tank  
  38  4:20  SCV  
  42  4:24  SCV  
  42  4:25  Fusion Core  
  42  4:28  Marine, Starport Tech Lab  
  42  4:30  Engineering Bay, Marine x2  
  46  5:05  Supply Depot  
  46  5:09  Marine  
  46  5:10  Starport  
  46  5:24  SCV, Marine  
  46  5:25  Marine  
  46  5:27  Marine  
  46  5:28  Supply Depot  
  41  5:36  SCV  
  41  5:37  SCV  
  41  5:42  Marine  
  44  5:43  Marine  
  44  5:44  Marine  
  44  5:48  SCV, Starport Tech Lab  
  44  5:49  SCV  
  48  5:51  Supply Depot  
  48  5:56  Refinery  
  48  6:04  Missile Turret  
  53  6:11  Orbital Command  
  48  6:22  Battlecruiser  
  48  6:24  Viking  
  56  6:26  Missile Turret  
  56  6:32  Refinery  
  56  6:37  SCV  
  57  6:42  Supply Depot  
  57  6:44  Marine x3  
  60  6:47  Weapon Refit  
  60  6:49  SCV  
  61  6:54  Missile Turret  
  61  6:56  SCV  
  62  7:01  SCV  
  62  7:02  Marine x3  
  62  7:05  Supply Depot  
  67  7:08  SCV  
  67  7:09  Command Center  
  67  7:13  SCV  
  67  7:15  Missile Turret  
  68  7:17  Battlecruiser  
  74  7:25  SCV  
  74  7:26  SCV  
  74  7:29  Supply Depot  
  76  7:38  SCV, Marine  
  76  7:39  Marine x2  
  83  7:49  Battlecruiser  
  86  7:56  Marine x2  
  86  7:57  Marine, Supply Depot  
  83  8:14  Marine x3  
  83  8:15  Siege Tank  
  89  8:20  Supply Depot  
  89  8:32  Marine x3  
  92  8:37  Battlecruiser  
  98  8:50  Marine  
  100  9:57  Marine  
  100  9:58  Marine x2  
Show
View Real Time Build Order
Export as new Build Order

TiPtOP Terran 

Build Orders:  

Get SALT Encoding   

  12  0:00  SCV  
  13  0:13  SCV  
  14  0:19  Supply Depot  
  14  0:25  SCV  
  15  0:40  SCV  
  16  0:43  Barracks  
  16  0:47  Refinery  
  16  0:52  SCV  
  17  1:04  SCV  
  19  1:18  SCV  
  19  1:30  Command Center  
  19  1:33  Barracks Reactor  
  19  1:49  Barracks  
  19  1:56  SCV  
  20  2:09  Orbital Command  
  20  2:12  Marine x2  
  22  2:30  Marine  
  23  2:39  Barracks Tech Lab  
  23  2:41  Supply Depot  
  23  2:42  SCV, Marine  
  25  2:46  Supply Depot  
  25  2:51  Marine  
  25  2:56  SCV  
  28  2:58  SCV  
  28  2:59  Marine  
  29  3:08  SCV  
  29  3:11  Marine, Marauder  
  32  3:17  Marine  
  32  3:18  SCV  
  34  3:20  SCV  
  35  3:30  SCV  
  35  3:32  SCV  
  37  3:36  Barracks  
  37  3:57  Factory, SCV  
  37  3:58  Refinery  
  37  4:00  SCV  
  39  4:09  SCV, Marine x2  
  44  4:10  Marauder  
  44  4:12  SCV  
  45  4:29  SCV  
  46  4:40  Marine x2  
  46  4:41  Marauder  
  46  4:42  Barracks Reactor  
  46  4:45  Factory Reactor  
  50  4:51  Starport  
  49  5:06  Marine x2  
  53  5:07  Marauder  
  53  5:13  Stimpack  
  53  5:19  Marine  
  54  5:24  Marine  
  52  5:44  Marine x2, Factory Tech Lab  
  54  5:52  Supply Depot  
  54  5:54  Supply Depot  
  54  6:08  Supply Depot  
  54  6:13  Marine x2  
  54  6:14  SCV x2, Marauder  
  60  6:26  SCV x2  
  60  6:30  Marine x2  
  60  6:31  Marine, Supply Depot  
  60  6:32  Siege Tank  
  68  6:33  Medivac x2  
  68  6:35  Marauder  
  68  6:38  SCV  
  75  6:47  Engineering Bay  
  75  6:49  SCV  
  75  6:50  SCV  
  77  6:55  Supply Depot  
  77  6:56  Refinery  
  77  6:59  Marine x4  
  77  7:00  Marauder  
  84  7:01  SCV  
  84  7:02  SCV  
  85  7:15  SCV  
  86  7:16  Medivac x2  
  86  7:17  Siege Tank  
  86  7:20  Marine, Supply Depot  
  94  7:33  Combat Shield  
  94  7:41  SCV, Marine x3, Marauder  
  100  8:03  Marauder  
  98  8:28  Marine x4  
  98  8:32  Marine  
  85  8:50  Marauder  
  76  9:12  Marauder  
  69  9:23  Missile Turret  
  62  9:25  Viking  
  62  9:26  Viking  
  62  9:28  Marine x4  
  63  9:32  Marine  
  58  9:46  Marine x2  
Tags
 
Add a new tag
Caveats
  • Supply blocks, unpowered buildings, or Contaminate may cause inaccurate times.
  • Supply counts are checked every 10 seconds.